 Dungeon Crawl Stone Soup version 0.27-a0-1105-g946c659c87 (webtiles) character file.

Game seed: 12263527323717405211

105 robertstho the Magician (level 4, -3/31 HPs)
             Began as a Djinni Conjurer on Apr 29, 2021.
             Splashed by Ijyb's acid (6 damage)
             ... on level 3 of the Dungeon.
             The game lasted 00:03:36 (2749 turns).

robertstho the Magician (Djinni Conjurer)           Turns: 2749, Time: 00:03:39

Health: -3/31      AC:  2    Str:  6    XL:     4   Next: 81%
Gold:   57         EV: 12    Int: 20    God:
                   SH:  0    Dex: 12

rFire    + + .     SeeInvis .   d - +0 halberd
rCold    x . .     Faith    .   (shield currently unavailable)
rNeg     . . .     Spirit   .   a - +0 robe
rPois    ∞         Reflect  .   (no helmet)
rElec    .         Harm     .   (no cloak)
rCorr    .         Rampage  .   (no gloves)
Will     .....                  (boots unavailable)
Stlth    ++........             (no amulet)
HPRegen  0.10/turn              (no ring)
MPRegen  0.00/turn              (no ring)

@: flying
A: fire resistance 2, cold vulnerability 1, float, innate caster, hp casting,
extra vitality 1
a: no special abilities


You were on level 3 of the Dungeon.
You visited 1 branch of the dungeon, and saw 3 of its levels.

You collected 57 gold pieces.

Inventory:

Hand Weapons
 d - a +0 halberd (weapon)
 h - a +0 dagger
Armour
 a - a +0 robe (worn)
Jewellery
 f - a +6 ring of strength
Scrolls
 g - a scroll of enchant armour {unknown}
 i - a scroll of teleportation {unknown}
 j - a scroll of acquirement {unknown}
Potions
 b - a potion of degeneration {unknown}
 c - 2 potions of mutation {unknown}
 e - 2 potions of berserk rage {unknown}
 k - a potion of ambrosia {unknown}
 l - a potion of heal wounds {unknown}


   Skills:
 + Level 2.8 Dodging
 + Level 1.9 Stealth
 + Level 4.9 Spellcasting


You couldn't memorise any spells.
You knew the following spells:

 Your Spells              Type           Power      Damage    Failure   Level
a - Magic Dart            Conj           96%        1d7       1%          1
b - Searing Ray           Conj           48%        3d5       2%          2
c - Dazzling Flash        Conj/Hex       48%        N/A       4%          3
d - Fulminant Prism       Conj/Hex       12%        3d9       16%         4
e - Iskenderun's Mystic   Conj/Tloc      24%        2d7       16%         4
f - Pain                  Necr           96%        1d8       1%          1
Your spell library was empty.

Dungeon Overview and Level Annotations

Branches:
Dungeon (3/15)

Altars:

Annotations:
D:3 Ijyb


Innate Abilities, Weirdness & Mutations

You are immune to poison.
Your flesh is very heat resistant. (rF++)
You are vulnerable to cold. (rC-)
You float through the air rather than walking.
You learn spells naturally, not from books.
Your magical power is your life essence.
You have superior vitality. (+4 HP)


Message History

Unknown command.
Aiming: Magic Dart (safe; 1% risk of failure)
Press: ? - help, Q - select action, (/) - cycle Shift-Dir - straight line, f/p - jackal
Aim: a jackal (100% to hit)
The magic dart hits the jackal!
You kill the jackal!
Unknown command.
You now have 52 gold pieces (gained 11).
l - a bubbling grey potion You now have 57 gold pieces (gained 5).
Done exploring.
Done exploring.
Done exploring.
Done exploring.
Done exploring.
Done exploring.
(D) Dungeon
Where to? (Enter - D:2, ? - help)
There is a stone staircase leading down here.
You fly downwards.
Ijyb the Twisted Goblin comes into view.
She is wielding a +0 dagger and carrying a wand of acid (11).
Found a ring mail, 12 arrows, a scale mail and a scroll labelled JISOQI ATACUO.
There is a stone staircase leading up here.
Casting: Magic Dart (safe; 1% risk of failure)
Confirm with . or Enter, or press ? or * to list all spells.
Aiming: Searing Ray (safe; 2% risk of failure)
Press: ? - help, Shift-Dir - straight line, f - Ijyb
Aim: Ijyb, wielding a +0 dagger, wearing a +0 ring mail and carrying a wand of acid (11) (asleep, 100% to hit)
The searing ray hits Ijyb.
Ijyb is lightly wounded.
Ijyb shouts! (Press . to maintain the ray.)
You hear a shout! x2
The searing ray hits Ijyb.
Ijyb is moderately wounded.
Ijyb zaps a wand.
The bolt of acid hits you!!
Ouch! That really hurt!
* * * LOW HITPOINT WARNING * * *
You are splashed with acid.
You die...

# #.. ##.
#.. [.#
..
..###.##
......#
...[.#
#....###
#@.....#
#....#...
#g...#
#.(....
.....###
....##
....#
....?#


You could see Ijyb.

Vanquished Creatures
  3 gnolls (D:2)
  An adder (D:2)
  2 dart slugs
  4 ball pythons
  2 endoplasms (D:1)
  3 giant cockroaches
  8 goblins
  4 hobgoblins
  11 jackals
  2 kobolds
  3 quokkas (D:1)
  6 bats
  A frilled lizard (D:2)
  5 rats
55 creatures vanquished.

Notes
Turn   | Place    | Note
-------+----------+-------------------------------------------
     0 | D:1      | robertstho the Djinni Conjurer began the quest for the Orb.
     0 | D:1      | Reached XP level 1. HP: 15/15 MP: 0/0
   286 | D:1      | Reached XP level 2. HP: 20/21 MP: 0/0
   304 | D:1      | Reached skill level 4 in Spellcasting
   643 | D:1      | Reached XP level 3. HP: 21/25 MP: 0/0
   643 | D:1      | Learned a level 1 spell: Pain
   825 | D:1      | Found a faded altar of an unknown god.
  2015 | D:2      | Reached XP level 4. HP: 24/31 MP: 0/0
  2747 | D:3      | Noticed Ijyb
  2749 | D:3      | Splashed by Ijyb's acid

Illustrated notes

Levels and vault maps discovered:
D:1:      dpeg_arrival_arbitrary_a, layout_basic, basic_ecumenical_altar,
          minmay_split_cup_large
D:2:      layout_basic, minmay_misc_feat_plants
D:3:      layout_rooms, lemuel_coloured_pillars_altar,
          nzn_hepliaklqana_mist_gate, marbit_many_paths, serial_bayou_pond_d,
          uniq_ijyb

Skill      XL: |  1  2 |
---------------+-------+-----
Spellcasting   | 4 |  4.9
Dodging        | |  2.8
Stealth        | |  1.9

Action                   |  1- 3 |  4- 6 || total
-------------------------+-------+-------++-------
Melee: Halberd           |       |    10 ||    10
 Cast: Magic Dart        |    84 |    19 ||   103
       Searing Ray       |       |     4 ||     4
  Use: Potion            |     2 |       ||     2
       Scroll            |     1 |       ||     1
Armor: Robe              |     5 |     1 ||     6
Dodge: Dodged            |    16 |     9 ||    25

Table legend: (Time is in decaauts)
 A = Elapsed time spent in this place.
 B = Non-inter-level travel time spent in this place.
 C = Inter-level travel time spent in this place.
 D = Time resting spent in this place.
 E = Time spent auto-exploring this place.
 F = Levels seen in this place.
 G = Mean time per level.
                   A        B        C        D        E       F      G
               +--------+--------+--------+--------+--------+-----+--------+
         Total |   2752 |   2666 |     86 |    385 |   2064 |   3 |  917.3 |
       Dungeon |   2752 |   2666 |     86 |    385 |   2064 |   3 |  917.3 |
               +--------+--------+--------+--------+--------+-----+--------+

Top non-repeatable levels by time:
     D:1: 1522 daAuts
     D:2: 1228 daAuts
     D:3: 1 daAuts
